 Dungeon Crawl Stone Soup version 0.29-a0-717-g6dac4ea423 (webtiles) character file.

Game seed: 1258531639952808932

65 sammy202020 the Trooper (level 3, -2/34 HPs)
             Began as a Minotaur Fighter on June 27, 2022.
             Killed from afar by Natasha (7 damage)
             ... with a magic dart
             ... on level 2 of the Dungeon.
             The game lasted 00:01:38 (1770 turns).

sammy202020 the Trooper (Minotaur Fighter)          Turns: 1770, Time: 00:01:38

Health: -2/34      AC: 11    Str: 20    XL:     3   Next: 92%
Magic:  2/2        EV:  7    Int:  7    God:
Gold:   104        SH:  4    Dex:  9    Spells: 2/2 levels left

rFire   . . .      SeeInvis .   a - +0 war axe
rCold   . . .      Faith    .   c - +0 buckler
rNeg    . . .      Spirit   .   e - +0 chain mail
rPois   .          Reflect  .   (helmet restricted)
rElec   .          Harm     .   j - +1 cloak
rCorr   .          Rampage  .   (no gloves)
Will    .....                   (no boots)
Stlth   ..........              (no amulet)
HPRegen 0.11/turn               (no ring)
MPRegen 0.08/turn               (no ring)

@: no status effects
A: horns 2, retaliatory headbutt
a: no special abilities


You were on level 2 of the Dungeon.
You visited 1 branch of the dungeon, and saw 2 of its levels.

You collected 104 gold pieces.

Inventory:

Hand Weapons
 a - a +0 war axe (weapon)
 g - a +0 mace
Missiles
 b - 2 boomerangs (quivered)
Armour
 c - a +0 buckler (worn)
 e - a +0 chain mail (worn)
 j - a +1 cloak (worn)
Scrolls
 f - a scroll of teleportation {unknown}
 i - a scroll of blinking {unknown}
 k - a scroll of immolation {unknown}
Potions
 d - a potion of might
 h - a potion of attraction


   Skills:
 * Level 4.4 Fighting
 * Level 3.5 Axes
 + Level 3.9 Armour
 + Level 1.2 Dodging
 + Level 4.0 Shields


You had 2 spell levels left.
You didn't know any spells.
Your spell library contained the following spells:

 Spells                   Type           Power      Damage    Failure   Level
 Apportation              Tloc           0%         N/A       99%         1
 Necrotize                Necr           0%         1d4       99%         1
 Summon Small Mammal      Summ           0%         N/A       99%         1


Dungeon Overview and Level Annotations

Branches:
Dungeon (2/15)

Altars:
Xom

Annotations:
D:2 Natasha


Innate Abilities, Weirdness & Mutations

You have a pair of horns on your head.
You reflexively headbutt those who attack you in melee.


Message History

You barely miss Natasha.
Natasha is severely wounded.
Natasha misses you. Natasha closely misses you. You furiously retaliate!
You headbutt Natasha.
You kill Natasha!
Natasha growls in agony!
The crimson imp disappears in a puff of smoke! x2
Your Shields skill increases to level 4!
Found a stone staircase leading down.
There is an open door, spattered with blood here.
Found a ring mail.
There is a stone staircase leading down here.
You see here a +0 ring mail.
You open the door.
There is an open door here.
There is a stone staircase leading up here.
Natasha, Servant of Life and Death comes into view.
Natasha hisses angrily.
Natasha growls.
Natasha casts a spell.
You miss Natasha. You barely miss the shadow imp.
Natasha claws you but does no damage. The shadow imp gestures at you.
Pain shoots through your body!
Natasha mumbles some strange words.
You feel troubled. You block Natasha's attack.
You closely miss Natasha. You slash the shadow imp!
The shadow imp gestures at you. Pain shoots through your body!
Natasha drinks a potion.
Natasha's spells are empowered!
You slash Natasha!
Natasha is severely wounded.
You barely miss the shadow imp. The shadow imp gestures at you.
Pain shoots through your body!
* * * LOW HITPOINT WARNING * * *
Natasha stares at you and mumbles some strange words.
The magic dart hits you!
You die...

#######.#
...........###.
#.......# ...........#
#. #.......#
...[.......# #.
'.......# ...........#
## #......########
#######'######
#(.....'....<.#
#............##
#......######.#
#..............
#......#
#.#####............##
#......#
#..5@h'............+
#......#
#######............#
####.###
#<....[......#
#.########
#............#
#........#
#............#
########.#
#............#
#.####################
##### #.............#
....# ##########....#


You could see Natasha (empowered) and a shadow imp (summoned).

Vanquished Creatures
  Natasha (D:2)
  A worm (D:2)
  A dart slug (D:1)
  3 ball pythons
  An endoplasm (D:1)
  2 giant cockroaches (D:1)
  2 hobgoblins
  3 jackals (D:1)
  4 kobolds (D:1)
  3 bats
  3 frilled lizards (D:1)
  6 goblins
  5 rats
35 creatures vanquished.

Notes
Turn   | Place    | Note
-------+----------+-------------------------------------------
     0 | D:1      | sammy202020 the Minotaur Fighter began the quest for the
                  | Orb.
     0 | D:1      | Reached XP level 1. HP: 19/19 MP: 0/0
   315 | D:1      | Reached XP level 2. HP: 25/27 MP: 1/1
   445 | D:1      | Found a faded altar of an unknown god.
  1060 | D:1      | Reached XP level 3. HP: 33/33 MP: 2/2
  1312 | D:2      | Found a shimmering altar of Xom.
  1318 | D:2      | Reached skill level 1 in Dodging
  1689 | D:2      | Noticed Natasha
  1694 | D:2      | Killed Natasha
  1764 | D:2      | Noticed Natasha
  1770 | D:2      | Killed from afar by Natasha

Illustrated notes

Levels and vault maps discovered:
D:1:      lightli_arrival_statue_moat, layout_basic,
          hellmonk_ecumenical_altar_run_dry
D:2:      layout_basic, basic_altar, uniq_natasha

Skill      XL: |  1  2  3 |
---------------+----------+-----
Fighting       | 4 |  4.4
Axes           | 3 |  3.5
Dodging        | 1 |  1.2
Shields        | 4 |  4.0
Armour         | |  3.9

Action                   || total
-------------------------++-------
Melee: War axe           ||    73
       Headbutt          ||     7
  Use: Scroll            ||     1
Armor: Scale mail        ||     9
       Chain mail        ||    23
Dodge: Dodged            ||    21
Block: Buckler           ||    19

Table legend: (Time is in decaauts)
 A = Elapsed time spent in this place.
 B = Non-inter-level travel time spent in this place.
 C = Inter-level travel time spent in this place.
 D = Time resting spent in this place.
 E = Time spent auto-exploring this place.
 F = Levels seen in this place.
 G = Mean time per level.
                   A        B        C        D        E       F      G
               +--------+--------+--------+--------+--------+-----+--------+
         Total |   1798 |   1773 |     25 |      0 |   1505 |   2 |  899.0 |
       Dungeon |   1798 |   1773 |     25 |      0 |   1505 |   2 |  899.0 |
               +--------+--------+--------+--------+--------+-----+--------+

Top non-repeatable levels by time:
     D:1: 1256 daAuts
     D:2: 542 daAuts
